 Dungeon Crawl Stone Soup version 0.31.0-11-ge490571c62 (webtiles) character file.

Game seed: 8668987982475193253

1155 Flugkiller the Chiller (level 8, -1/35 (36) HPs)
             Began as a Vine Stalker Ice Elementalist on Feb 3, 2024.
             Was a Follower of Sif Muna.
             Slain by a wight
             ... wielding a +2 trident
              (10 damage)
             ... on level 7 of the Dungeon.
             The game lasted 00:12:58 (1942 turns).

Flugkiller the Chiller (VSIE)                       Turns: 1942, Time: 00:12:59

HP:   -1/35 (36)    AC:  3    Str: 12    XL:     8   Next: 39%
MP:   0/19          EV: 12    Int: 17    God:    Sif Muna [*.....]
Gold: 68            SH:  0    Dex: 14    Spells: 6/21 levels left

rFire   x . .        g - +2 club (spect)
rCold   + . .        (no shield)
rNeg    . . .        a - +0 robe
rPois   .            (no helmet)
rElec   .            (no cloak)
rCorr   .            w - +0 pair of gloves
SInv    .            (no boots)
Will    ++...        (no amulet)
Stlth   ++           f - ring of ice
HPRegen 1.05/turn    m - ring of willpower
MPRegen 0.16/turn

%: guardian spirit
@: lightly drained
A: fangs 3, regeneration 1, magic shield, antimagic bite, no potion heal 2
a: Renounce Religion, Channel Magic


You were on level 7 of the Dungeon.
You worshipped Sif Muna.
Sif Muna was aware of your devotion.
You visited 2 branches of the dungeon, and saw 8 of its levels.

You collected 1048 gold pieces.
You spent 980 gold pieces at shops.

Inventory:

Hand Weapons
 c - a +0 dagger
   (You took it off a goblin on level 3 of the Dungeon)
 g - a +2 spectral club (weapon)
   (You took it off Ijyb on level 5 of the Dungeon)
 o - a +2 war axe of electrocution
   (You took it off an orc on level 4 of the Dungeon)
 y - a +0 orcbow
   (You took it off an orc warrior on level 6 of the Dungeon)
 z - a +0 glaive
   (You took it off an orc warrior on level 6 of the Dungeon)
Armour
 a - a +0 robe (worn)
 l - an orb of energy
   (You found it on level 4 of the Dungeon)
 w - a +0 pair of gloves (worn)
   (You found it on level 6 of the Dungeon)
Magical Staves
 D - a staff of fire
   (You found it on level 6 of the Dungeon)
Jewellery
 f - a ring of ice (left hand)
   (You found it on level 2 of the Dungeon)
 m - a ring of willpower (right hand)
   (You found it on level 4 of the Dungeon)
Wands
 i - a wand of roots (2)
   (You took it off Ijyb on level 5 of the Dungeon)
 u - a wand of flame (14)
   (You found it on level 6 of the Dungeon)
Scrolls
 d - a scroll of fear
 j - 4 scrolls of revelation
 k - a scroll of amnesia
 n - a scroll of vulnerability {unknown}
 p - a scroll of fog {unknown}
 r - a scroll of identify
 t - a scroll of teleportation
 x - a scroll of torment {unknown}
 A - a scroll of enchant armour {unknown}
 C - a scroll of enchant weapon {unknown}
Potions
 b - a potion of berserk rage {unknown}
 e - a potion of attraction
 h - 3 potions of haste
 q - 2 potions of curing
 s - a potion of cancellation
 v - a potion of mutation {unknown}
 B - a potion of might {unknown}


   Skills:
 - Level 1.5 Dodging
 - Level 2.4 Stealth
 + Level 7.0 Spellcasting
 - Level 4.0 Summonings
 - Level 7.0 Ice Magic


You had 6 spell levels left.
You knew the following spells:

 Your Spells              Type           Power      Damage    Failure   Level
a - Freeze                Ice            100%       1d10      1%          1
b - Frozen Ramparts       Ice            88%        1d14      1%          3
c - Ozocubu's Armour      Ice            44%        N/A       1%          3
d - Summon Ice Beast      Ice/Summ       36%        N/A       3%          3
e - Freezing Cloud        Conj/Ice/Air   10%        6-21      77%         5

Your spell library contained the following spells:

 Spells                   Type           Power      Damage    Failure   Level
 Summon Small Mammal      Summ           76%        N/A       2%          1
 Call Canine Familiar     Summ           19%        N/A       7%          3
 Cigotuvi's Dreadful Rot  Necr/Alch/Air  10%        N/A       17%         2
 Summon Blazeheart Golem  Fire/Summ      12%        N/A       45%         4
 Ignite Poison            Fire/Alch      5%         N/A       75%         4
 Iskenderun's Battlesphe  Conj           5%         2d6       97%         5
 Bombard                  Conj/Erth      2%         9d1       100%        6
 Spellforged Servitor     Conj/Summ      6%         N/A       100%        7


Dungeon Overview and Level Annotations

Branches:
Dungeon (7/15) Zot: 26080  Temple (1/1) D:7 Zot: 5973

Altars:
Dithmenos
Elyvilon
Fedhas
Gozag
Kikubaaqudgha
Makhleb
Nemelex Xobeh
Qazlal
Ru
Sif Muna
Trog
Uskayaw
Wu Jian
Xom
Yredelemnul
The Shining One

Shops:
D:2 :


Innate Abilities, Weirdness & Mutations

You have razor-sharp teeth.
Your natural rate of healing is unusually fast.
When hurt, damage is shared between your health and your magic reserves.
Your bite disrupts and absorbs the magic of your enemies.
Potions cannot restore your health.


Message History

Your ice beast closely misses the orc wizard.
The wall freezes the orc wizard!
You kill the orc wizard!
Sif Muna accepts your kill.
Your ice beast hits the wight.
Your ice beast freezes the wight.
The wight resists.
Unknown command.
The wight completely resists.
The wall freezes the wight but does no damage.
The wight hits your ice beast with a +3 morningstar!
Your ice beast hits the wight but does no damage.
The frozen ramparts melt away.
The wight hits your ice beast with a +3 morningstar!
Your ice beast dies!
Your ice beast disappears in a puff of smoke!
Aiming: Fastroot
Press: ? - help, Shift-Dir - straight line, f - wight
Aim: a wight, wielding a +3 morningstar and wearing a +0 robe (moderately damaged)
The roots erupt in riotous growth!
Roots grab the wight.
The grasping roots constrict the wight.
You hear a shout!
The wight struggles to escape constriction.
Aiming: Throw Flame
Press: ? - help, Shift-Dir - straight line, f/p - wight
Aim: a wight, wielding a +3 morningstar and wearing a +0 robe (heavily damaged, constricted by roots, 100% to hit)
The puff of flame hits the wight.
The wight is severely damaged.
The grasping roots constrict the wight!
You destroy the wight!
Sif Muna accepts your kill.
Okay, then.
Casting: Summon Ice Beast (dangerous; 3% risk of failure)
Confirm with . or Enter, or press ? or * to list all spells.
You feel a surge of power! A chill wind blows around you.
Aiming: Fastroot
Press: ? - help, Shift-Dir - straight line, f - wight
Aim: a wight, wielding a +0 mace and wearing a +0 robe (ally target)
The roots erupt in riotous growth!
Roots grab the wight.
Your ice beast is unaffected.
Roots grab the wight.
The grasping roots constrict the wight. x2; The wight barely misses you. x2
Your ice beast hits the wight but does no damage.
Aiming: Throw Flame
Press: ? - help, Shift-Dir - straight line, f/p - wight
Aim: a wight, wielding a +0 mace and wearing a +0 robe (moderately damaged, constricted by roots, ally target, 100% to hit)
The puff of flame hits the wight.
The wight is severely damaged.
The grasping roots constrict the wight. x2
The roots release their grip on the wight. x2
The wight hits you with a +0 mace. The wight barely misses you.
Your ice beast hits the wight but does no damage.
Aiming: Throw Flame
Press: ? - help, Shift-Dir - straight line, f/p - wight
Aim: a wight, wielding a +0 mace and wearing a +0 robe (severely damaged, ally target, 68% to hit)
The puff of flame misses the wight.
The wight hits you with a +0 mace!
You feel drained.
The wight hits you from afar with a +2 trident.
Your ice beast misses the wight.
Aiming: Throw Flame
Press: ? - help, Shift-Dir - straight line, f/p - wight
Aim: a wight, wielding a +0 mace and wearing a +0 robe (severely damaged, ally target, 68% to hit)
Okay, then.
Aiming: Fastroot
Press: ? - help, Shift-Dir - straight line, f/p - wight
Aim: a wight, wielding a +0 mace and wearing a +0 robe (severely damaged, ally target)
The roots erupt in riotous growth!
Roots grab the wight.
Your ice beast is unaffected.
Roots grab the wight.
The grasping roots constrict the wight. x2
You hear a shout!
The wight hits you with a +0 mace! The wight completely misses you.
Your ice beast barely misses the wight.
Aiming: Throw Flame
Press: ? - help, Shift-Dir - straight line, f/p - wight
Aim: a wight, wielding a +0 mace and wearing a +0 robe (almost destroyed, constricted by roots, ally target, 100% to hit)
The puff of flame hits the wight!
You destroy the wight!
Sif Muna accepts your kill.
You can now call upon Sif Muna for magical energy.
The grasping roots constrict the wight.
The roots release their grip on the wight.
The wight misses you.
Your ice beast hits the wight but does no damage.
Your life force feels restored.
Your Spellcasting skill increases to level 7!
Aiming: Throw Flame
Press: ? - help, Shift-Dir - straight line, f - wight
Aim: a wight, wielding a +2 trident and wearing a +0 robe (heavily damaged, ally target, 68% to hit)
The puff of flame hits the wight but does no damage.
The wight is heavily damaged.
The wight hits you from afar with a +2 trident!
* * * LOW HITPOINT WARNING * * *
You feel drained.
* * * LOW HITPOINT WARNING * * *
Your ice beast barely misses the wight.
The wight hits you from afar with a +2 trident!
You die...

*,* *,#*,*,****
******,***.#*,*,,,,,
*,,,,,,,,...,,+,,,,,
*,###*,*g..#***,,,,,
*,#.#*,gg..,,,+,,,,,
*,#.##go##,****,,,,,
*,#Yz.zo.#,* *,,,,,
*,#)#..#.#,* *,,,,,
*,#@#z##,*,* *,,,,,
*,###.#*,*,* *,,,,,
*,,,,zz,,*+** ******
********.#**,,,* *
*,,,,,,,..,+,,,* *
**,*****,##**,,,* *
*,,,,,,,>,***,,,* *
*********,,,,,,,* *
**,,,,,,* *


You could see a wight (ally target) and a friendly ice beast (summoned).

Vanquished Creatures
  A centaur (D:7)
  A bullfrog (D:7)
  A scorpion (D:4)
  2 wights (D:7)
  A jelly (D:6)
  An orc priest (D:7)
  A hound (D:5)
  An iguana (D:6)
  4 orc wizards
  6 adders
  2 ufetubi (D:5)
  2 dart slugs
  10 orcs
  3 ball pythons
  2 endoplasms
  2 giant cockroaches (D:1)
  4 goblins
  5 hobgoblins
  6 jackals
  A quokka (D:5)
  3 bats
  2 frilled lizards
  2 kobolds (D:4)
  3 rats
66 creatures vanquished.

Vanquished Creatures (collateral kills)
  An ice beast (D:7)
  An orc warrior (D:6)
  A phantom (D:6)
  A bullfrog (D:6)
  A scorpion (D:6)
  A wight (D:7)
  Ijyb (D:5)
  An orc wizard (D:7)
  A gnoll (D:7)
  An adder (D:5)
  2 orcs (D:6)
12 creatures vanquished.

Grand Total: 78 creatures vanquished

Notes
Turn   | Place    | Note
-------+----------+-------------------------------------------
     0 | D:1      | Flugkiller the Vine Stalker Ice Elementalist began the
                  | quest for the Orb.
     0 | D:1      | Reached XP level 1. HP: 9/9 MP: 4/4
    51 | D:2      | Found Derir's Book Shoppe.
   120 | D:1      | Reached XP level 2. HP: 13/13 MP: 1/6
   176 | D:2      | Reached XP level 3. HP: 16/16 MP: 0/8
   236 | D:3      | Learned a level 3 spell: Frozen Ramparts
   262 | D:4      | Noticed a black bear
   274 | D:3      | Learned a level 3 spell: Ozocubu's Armour
   331 | D:3      | Found a stormy altar of Qazlal.
   424 | D:5      | Entered Level 5 of the Dungeon
   433 | D:4      | Noticed a scorpion
   443 | D:4      | Killed a scorpion
   444 | D:4      | Reached skill level 5 in Ice Magic
   444 | D:4      | Reached XP level 4. HP: 12/21 MP: 0/10
   519 | D:4      | Learned a level 3 spell: Summon Ice Beast
   623 | D:3      | Reached XP level 5. HP: 24/24 MP: 7/11
   751 | D:5      | Reached skill level 1 in Summonings
   752 | D:5      | Noticed Ijyb
   757 | D:5      | Killed Ijyb
   843 | D:5      | Reached XP level 6. HP: 28/28 MP: 6/13
   950 | D:6      | Found a burning altar of Makhleb.
  1029 | D:7      | Found a staircase to the Ecumenical Temple.
  1041 | D:7      | Noticed an ice beast
  1043 | Temple   | Entered the Ecumenical Temple
  1056 | Temple   | Became a worshipper of Sif Muna the Loreminder
  1111 | D:7      | Killed an ice beast
  1112 | D:7      | Reached skill level 5 in Spellcasting
  1112 | D:7      | Reached XP level 7. HP: 32/32 MP: 1/15
  1147 | D:7      | Noticed a wraith
  1319 | D:6      | Identified a scroll of acquirement
  1322 | D:6      | Acquired 768 gold pieces
  1572 | D:2      | Bought a Trismegistus Codex for 392 gold pieces
  1572 | D:2      | Bought a book of Power for 588 gold pieces
  1578 | D:2      | Learned a level 5 spell: Freezing Cloud
  1835 | D:6      | Gained mutation: You have razor-sharp teeth. [Vine Stalker
                  | growth]
  1835 | D:6      | Reached XP level 8. HP: 36/36 MP: 5/18
  1940 | D:7      | Reached * piety under Sif Muna
  1942 | D:7      | Slain by a wight

Illustrated notes

Levels and vault maps discovered:
D:1:      minmay_arrival_pointy, layout_basic,
          hellmonk_ecumenical_altar_lost_god, minmay_misc_feat_encased
D:2:      layout_rooms, serial_shops, shop_statue
D:3:      layout_rooms, lemuel_crystal_altar, zin_scriptorium
D:4:      layout_gridville
D:5:      layout_rooms, uniq_ijyb
D:6:      layout_layer_cave, lightli_temple_of_fire
D:7:      layout_basic, minmay_temple_entry_junction
Temple:   dpeg_chambers_temple

Skill      XL: |  1  2  3  4  5  6  7  8 |
---------------+-------------------------+-----
Spellcasting   | 3 4 5 6 7 |  7.0
Ice Magic      | 5 6 7 |  7.0
Summonings     | 1 3 4 |  4.0
Dodging        | |  1.5
Stealth        | |  2.4

Action                     |  1- 3 |  4- 6 |  7- 9 || total
---------------------------+-------+-------+-------++-------
  Melee: Unarmed           |     6 |       |       ||     6
         Bite              |     7 |     5 |     7 ||    19
         Dagger            |    11 |     6 |       ||    17
         War axe           |       |    11 |       ||    11
         Club              |       |     9 |    26 ||    35
         Punch             |       |       |     1 ||     1
   Cast: Freeze            |    21 |    14 |     8 ||    43
         Frozen Ramparts   |     2 |    10 |     5 ||    17
         Summon Ice Beast  |       |     3 |    12 ||    15
         Ozocubu's Armour  |       |       |     1 ||     1
  Evoke: Wand              |       |     1 |    12 ||    13
    Use: Potion            |     1 |       |     1 ||     2
         Scroll            |       |     2 |     9 ||    11
 Armour: Robe              |    18 |    39 |    34 ||    91
  Dodge: Dodged            |    22 |    53 |    34 ||   109
